 Dungeon Crawl Stone Soup version 0.32-a0-779-g362cfcae2a (webtiles) character file.

Game seed: 2947439974953647086

383 backslashecho the Covered (level 6, -21/38 HPs)
             Began as a Gargoyle Fighter on Mar 19, 2024.
             Demolished by an ogre
             ... wielding a +0 giant spiked club
              (29 damage)
             ... on level 4 of the Dungeon.
             The game lasted 00:13:29 (3292 turns).

backslashecho the Covered (Gargoyle Fighter)        Turns: 3292, Time: 00:13:30

Health: -21/38     AC: 13    Str: 22    XL:     6   Next: 76%
Magic:  6/6        EV:  8    Int:  8    God:
Gold:   160        SH:  9    Dex:  9    Spells: 5/5 levels left

rFire   . . .        a - +0 war axe
rCold   . . .        c - +0 buckler
rNeg    + . .        b - +0 scale mail
rPois   ∞            m - +0 helmet
rElec   +            (no cloak)
rCorr   .            (no gloves)
SInv    .            (no boots)
Will    .....        o - amulet of reflection Stlth
                     (no ring)
HPRegen 0.26/turn    (no ring)
MPRegen 0.10/turn

%: reflection
@: mighty
A: sickness immunity, AC +4, negative energy resistance 1, electricity
resistance, torment resistance 1, petrification resistance
a: no special abilities


You were on level 4 of the Dungeon.
You visited 1 branch of the dungeon, and saw 4 of its levels.

You collected 160 gold pieces.

Inventory:

Hand Weapons
 a - a +0 war axe (weapon)
 k - a +2 heavy broad axe
Missiles
 i - a poisoned dart (quivered)
Armour
 b - a +0 scale mail (worn)
 c - a +0 buckler (worn)
 m - a +0 helmet (worn)
 n - the +0 crystal plate armour "Zixkips" {rPois rN+ SInv}
   (You acquired it on level 2 of the Dungeon)

   rPois:     It protects you from poison.
   rN+:       It protects you from negative energy.
   SInv:      It lets you see invisible.
 v - a +0 cloak
Jewellery
 o - an amulet of reflection (around neck)
Scrolls
 f - a scroll of fear
 g - a scroll of poison {unknown}
 h - a scroll of blinking {unknown}
 j - a scroll of noise {unknown}
 r - a scroll of revelation {unknown}
 s - 2 scrolls of immolation {unknown}
 t - a scroll of enchant armour {unknown}
Potions
 e - 4 potions of ambrosia
 l - a potion of resistance
 p - a potion of enlightenment
 q - a potion of curing {unknown}
 u - a potion of haste


   Skills:
 - Level 4.0 Fighting
 * Level 4.3 Axes
 * Level 5.1 Armour
 + Level 4.6 Shields


You had 5 spell levels left.
You didn't know any spells.
Your spell library contained the following spells:

 Spells                   Type           Power      Damage    Failure   Level
 Tukima's Dance           Hex            0%         N/A       98%         3
 Passage of Golubria      Tloc           0%         N/A       100%        4
 Yara's Violent Unravell  Hex/Alch       0%         3d3       100%        5


Dungeon Overview and Level Annotations

Branches:
Dungeon (4/15)             Temple (0/1) D:4

Altars:
Hepliaklqana
Ru
Xom

Annotations:
D:4 Blork the orc


Innate Abilities, Weirdness & Mutations

You are immune to sickness and miasma.
Your stone body is resilient. (AC +4)
You are immune to poison.
You resist negative energy. (rN+)
You are resistant to electric shocks. (rElec)
You are resistant to unholy torment.
You are immune to petrification.


Message History

You block the scorpion's attack. x2
You hit the scorpion.
The scorpion is severely wounded.
The scorpion barely misses you.
The scorpion stings you but does no damage.
You hit the scorpion.
The scorpion is almost dead.
The scorpion closely misses you.
You hit the scorpion but do no damage.
The scorpion is almost dead.
The scorpion closely misses you.
The scorpion stings you but does no damage.
You hit the scorpion.
You kill the scorpion!
You block the ball python's attack. The ball python grabs you.
The ball python constricts you.
A dart slug comes into view.
Your Armour skill increases to level 5!
You closely miss the ball python.
The ball python bites you but does no damage.
The ball python constricts you.
You barely miss the ball python.
The ball python bites you but does no damage.
The ball python constricts you.
The ball python bites you but does no damage.
The ball python constricts you. The dart slug launches a dart at you.
The slug dart hits you but does no damage.
You closely miss the ball python.
The ball python bites you but does no damage.
The ball python constricts you.
You closely miss the ball python.
The ball python bites you but does no damage.
The ball python constricts you.
The ball python bites you but does no damage.
The ball python constricts you.
You slash the ball python!
You kill the ball python!
You hit the dart slug. The dart slug closely misses you.
You slash the dart slug!
You kill the dart slug!
No target in view!
No target in view!
HP restored.
You see here a ball python corpse.
The endoplasm quivers.
Health restored: 38 An endoplasm is nearby!
An endoplasm is nearby!
An ogre comes into view. It is wielding a +0 giant spiked club.
Found 9 gold pieces and a scroll labelled LUYRINAIMY.
Found a stone staircase leading down.
The endoplasm hits you but does no damage.
You slash the endoplasm!
You kill the endoplasm!
You aren't carrying any items that you can evoke.
Found a staircase to the Ecumenical Temple.
A bombardier beetle comes into view.
Found a cloak.
Found a scroll labelled QUFYOZ JADWOZICA.
Blork the orc comes into view.
He is wielding a +0 glaive.
Blork the orc shouts!
A dart slug comes into view.
You block Blork the orc's attack.
Found a dyed leather armour.
You block Blork the orc's attack.
You feel very mighty all of a sudden. You block Blork the orc's attack.
You closely miss Blork the orc.
Blork the orc gestures at you while chanting.
The puff of frost hits you!
You take 9 damage, and have 29/38 hp.
MASSIVE DAMAGE!!
You closely miss Blork the orc. You block Blork the orc's attack.
Blork the orc grins evilly.
You block Blork the orc's attack.
The ogre hits you with a +0 giant spiked club!
You take 17 damage, and have 12/38 hp.
MASSIVE DAMAGE!!
Okay, then.
You slash Blork the orc!
Blork the orc is moderately wounded.
You hit the dart slug. You barely miss the ogre. Blork the orc misses you.
You hit Blork the orc.
Blork the orc is heavily wounded.
You hit the ogre. You slash the dart slug!
You kill the dart slug!
The ogre hits you with a +0 giant spiked club.
* * * LOW HITPOINT WARNING * * *
Blork the orc barely misses you.
You take 4 damage, and have 8/38 hp.
You slash Blork the orc!
Blork the orc is almost dead.
You hit the ogre.
Blork the orc gestures wildly while chanting.
Blork the orc seems to speed up.
You block the ogre's attack. Blork the orc barely misses you.
You closely miss Blork the orc.
Blork the orc is almost dead.
You slash the ogre! Blork the orc closely misses you.
The ogre hits you with a +0 giant spiked club!!
Ouch! That really hurt!
You die...

........###..####. #
.............#....
#[##.#.#..####...$..#
#.#..#.#...>.......?.
#....................
#.##.#....#.#.......
#....#.##.#.#.#....#
#.O.?.......#....#
#@#.#.#.##....#.##
......†o#.#[#....#.....B
#####............#... ##
#.##.#.>.#.#....# #.
..#...#.# # ..#....#..
#. #w##.#.## ..


You could see Blork the orc (fast) and an ogre.

Vanquished Creatures
  Eustachio (D:3)
  A scorpion (D:4)
  A hound (D:4)
  Robin (D:2)
  4 adders
  6 dart slugs
  4 ribbon worms
  An orc (D:4)
  8 endoplasms
  A giant cockroach (D:2)
  12 goblins
  14 hobgoblins
  3 kobolds
  3 quokkas
  9 ball pythons
  5 bats
  5 frilled lizards
  4 rats
83 creatures vanquished.

Notes
Turn   | Place    | Note
-------+----------+-------------------------------------------
     0 | D:1      | backslashecho the Gargoyle Fighter began the quest for the
                  | Orb.
     0 | D:1      | Reached XP level 1. HP: 14/14 MP: 1/1
   298 | D:1      | Reached XP level 2. HP: 19/19 MP: 2/2
   323 | D:1      | Found a faded altar of an unknown god.
   892 | D:2      | Reached XP level 3. HP: 23/23 MP: 3/3
   987 | D:2      | Found a hazy altar of Hepliaklqana.
  1130 | D:2      | Identified 3 scrolls of acquirement
  1140 | D:2      | Acquired the +0 crystal plate armour "Zixkips" {rPois rN+
                  | SInv}
  1144 | D:2      | Acquired an amulet of reflection
  1146 | D:2      | Acquired a +2 heavy broad axe
  1487 | D:2      | Reached XP level 4. HP: 26/29 MP: 4/4
  1639 | D:3      | Noticed Robin
  2061 | D:2      | Killed Robin
  2209 | D:3      | Reached XP level 5. HP: 25/33 MP: 5/5
  2907 | D:4      | Found a shimmering altar of Xom.
  2923 | D:4      | Reached skill level 4 in Armour
  2951 | D:4      | Found a sacrificial altar of Ru.
  2998 | D:4      | Identified the +1 leather armour "Umusch" {^Drain rPois
                  | rF+++ Int-4}
  3043 | D:4      | Noticed Eustachio
  3145 | D:3      | Killed Eustachio
  3146 | D:3      | Reached XP level 6. HP: 20/38 MP: 6/6
  3254 | D:4      | Reached skill level 5 in Armour
  3276 | D:4      | Found a staircase to the Ecumenical Temple.
  3281 | D:4      | Noticed Blork the orc
  3292 | D:4      | Demolished by an ogre

Illustrated notes

Levels and vault maps discovered:
D:1:      elethiomel_arrival_quiet, layout_loops_ring,
          ebering_ecumenical_altar_hall, minmay_misc_feat_plants
D:2:      layout_basic, basic_altar
D:3:      layout_basic, wad_rectangle_vault, uniq_robin
D:4:      layout_loops_ring, mainiacjoe_overflow_catch_the_wave,
          minmay_temple_entry_ruins, uniq_eustachio, uniq_blork_the_orc

Skill      XL: |  1  2  3  4  5  6 |
---------------+-------------------+-----
Axes           | 2 3 4 |  4.3
Fighting       | 4 |  4.0
Shields        | 4 |  4.6
Armour         | 4 5 |  5.1

Action                     |  1- 3 |  4- 6 || total
---------------------------+-------+-------++-------
  Melee: War axe           |   126 |   237 ||   363
  Throw: Dart              |       |     6 ||     6
    Use: Scroll            |     7 |     2 ||     9
         Potion            |       |     1 ||     1
 Armour: Scale mail        |    80 |   208 ||   288
  Dodge: Dodged            |    54 |   118 ||   172
  Block: Buckler           |    42 |   166 ||   208
         Reflection        |       |     3 ||     3

Table legend: (Time is in decaauts)
 A = Elapsed time spent in this place.
 B = Non-inter-level travel time spent in this place.
 C = Inter-level travel time spent in this place.
 D = Time resting spent in this place.
 E = Time spent auto-exploring this place.
 F = Levels seen in this place.
 G = Mean time per level.
                   A        B        C        D        E       F      G
               +--------+--------+--------+--------+--------+-----+--------+
         Total |   3430 |   3017 |    413 |     61 |   1828 |   4 |  857.5 |
       Dungeon |   3430 |   3017 |    413 |     61 |   1828 |   4 |  857.5 |
               +--------+--------+--------+--------+--------+-----+--------+

Top non-repeatable levels by time:
     D:3: 1315 daAuts
     D:2: 930 daAuts
     D:1: 772 daAuts
     D:4: 412 daAuts
